[Event "Saint Louis Invitational-A 2018"]
[Site "Saint Louis"]
[Date "2018.11.18"]
[Round "4"]
[White "Ali Marandi, Cemil Can"]
[Black "Shtembuliak, Evgeny"]
[Result "1/2-1/2"]
[ECO "C01"]
[WhiteElo "2552"]
[BlackElo "2487"]
[Annotator "RC"]
[PlyCount "32"]
[EventDate "2018.11.16"]
[EventType "tourn"]
[EventCountry "USA"]
[SourceTitle "playchess.com"]
[Source "ChessBase"]
[SourceQuality "1"]
[TimeControl "5400+30"]

1. e4 e6 2. d4 d5 3. exd5 exd5 4. c4 dxc4 5. Bxc4 Nf6 6. Nf3 Bd6 7. O-O O-O 8. Nc3 Nc6 9. Bg5 h6 10. Bh4 Bg4 11. h3 Bxf3 12. Qxf3 Nxd4 13. Qxb7 Rb8 14. Qxa7 Ra8 15. Qb7 Rb8 16. Qa7 Ra8 1/2-1/2